 Dungeon Crawl Stone Soup version 0.21-a0-55-gb612c23 (webtiles) character file.

420 BrendanD the Poker (level 6, -8/55 HPs)
             Began as a Merfolk Berserker on June 14, 2017.
             Was a Priest of Trog.
             Mangled by an iguana (11 damage)
             ... on level 4 of the Dungeon.
             The game lasted 00:10:17 (2876 turns).

BrendanD the Poker (Merfolk Berserker)              Turns: 2876, Time: 00:10:18

Health: -8/55      AC:  6    Str: 19    XL:     6   Next: 94%
Magic:  6/6        EV: 11    Int:  6    God:    Trog [***...]
Gold:   257        SH:  0    Dex: 14    Spells: 5/5 levels left

rFire    . . .     SeeInvis .   r - +1 trident
rCold    . . .     Gourm    .   (no shield)
rNeg     . . .     Faith    +   a - +0 scale mail
rPois    .         Spirit   .   (no helmet)
rElec    .         Reflect  .   (no cloak)
rCorr    +         Harm     .   (no gloves)
MR       .....                  (no boots)
Stlth    ..........             k - amulet of faith {!P}
HPRegen  0.18/turn              g - ring of wizardry
MPRegen  0.10/turn              y - ring of resist corrosion

@: lethally poisoned (-8 -> -9), flying, drained
A: change form in water, swift swim, stealthy swim
a: Berserk, Trog's Hand, Burn Spellbooks, Renounce Religion


You were on level 4 of the Dungeon.
You worshipped Trog.
Trog was most pleased with you.
You were hungry.

You visited 1 branch of the dungeon, and saw 4 of its levels.
You also visited: Sewer.

You collected 257 gold pieces.

Inventory:

Hand Weapons
 r - a +1 trident (weapon)
Armour
 a - a +0 scale mail (worn)
Jewellery
 g - a ring of wizardry (left hand)
 i - an uncursed amulet of harm
 k - an amulet of faith (around neck) {!P}
 y - a ring of resist corrosion (right hand)
Scrolls
 b - a scroll of noise {!r}
 h - a scroll of blinking {unknown}
 j - 3 scrolls of remove curse {@r2}
 m - a scroll of teleportation {unknown}
 o - a scroll of amnesia {unknown}
 p - 2 scrolls of fear {unknown}
 v - a scroll of fog {unknown}
Potions
 e - 4 potions of curing {unknown}
 f - a potion of lignification {unknown}
 l - a potion of mutation {unknown}
 n - 2 potions of berserk rage {unknown}
 q - a potion of might {unknown}
 s - a potion of magic {unknown}
 t - 2 potions of haste {unknown}
 u - a potion of heal wounds {unknown}
 w - a potion of flight
Books
 x - a book of Minor Magic

   Spells                             Type                      Level
   a - Magic Dart                     Conjuration                  1
   b - Blink                          Translocation                2
   c - Call Imp                       Summoning                    2
   d - Slow                           Hexes                        2
   e - Conjure Flame                  Conjuration/Fire             3
   f - Mephitic Cloud                 Conjuration/Poison/Air       3
   Trog disapproves of the use of such an item.
Comestibles
 c - 3 bread rations
 d - 2 meat rations
 z - a royal jelly


   Skills:
 * Level 7.0(6.9) Fighting
 + Level 7.2(7.0) Polearms
 - Level 1.3(1.2) Armour
 - Level 2.6(2.5) Dodging


You had 5 spell levels left.
You didn't know any spells.

Dungeon Overview and Level Annotations

Branches:
Dungeon (4/15)
 Temple: D:4-7

Altars:
Ashenzari
Nemelex Xobeh
Vehumet
Wu Jian


Message History

You miss the adder. The adder bites you but does no damage.
You hit the adder. The adder bites you.
You are poisoned.
The adder poisons you!
You barely miss the adder.
You feel sick.
The adder bites you but does no damage. x2
You puncture the adder!
You kill the adder!
Trog accepts your kill.
You hit the iguana but do no damage.
You feel sick. The iguana bites you.
* * * LOW HITPOINT WARNING * * *
You puncture the iguana! The iguana closely misses you.
You barely miss the iguana. The iguana bites you!
* * * LOW HITPOINT WARNING * * *
You hit the iguana. The iguana bites you!
* * * LOW HITPOINT WARNING * * *
It was a potion of flight.
You feel very buoyant.
You fly up into the air.
You feel sick. The iguana bites you!
You die...

.... #..>......#
...........##.........#
........##..#.........###.
........# #.#.........##..
.)......###......#..####.#
........##...######..# #.#
........##...# ##.# #.#
........##...# #.###.#
........##@..# #..##.##
.........l##.#### ##....#.
...........(....# #.......
...........................
....<.............#>.......
######............#.(......
#............##.......
##..........####...##.
##...##...## #######


You could see an iguana.

Vanquished Creatures
  The ghost of BrendanD the Skirmisher, an amateur GrBe of Trog (D:3)
  Purgy (Sewer)
  An orc priest (D:3)
  Terence (D:2)
  An iguana (D:4)
  A worker ant (D:4)
  An adder (D:4)
  A river rat (D:3)
  An ooze (D:3)
  A worm (D:2)
  A dart slug (D:1)
  4 leopard geckos
  10 orcs (D:3)
  4 ball pythons
  3 giant cockroaches (D:2)
  4 hobgoblins
  7 jackals
  A quokka (D:3)
  2 bats
  7 frilled lizards
  6 goblins
  8 kobolds
  9 rats
76 creatures vanquished.

Vanquished Creatures (others)
  A hobgoblin (D:3)
  A jackal (D:3)
  A bat (D:3)
  A kobold (D:3)
  2 rats (D:3)
6 creatures vanquished.

Grand Total: 82 creatures vanquished

Notes
Turn   | Place    | Note
-------+----------+-------------------------------------------
     0 | D:1      | BrendanD the Merfolk Berserker began the quest for the Orb.
     0 | D:1      | Reached XP level 1. HP: 18/18 MP: 1/1
    61 | D:1      | Reached XP level 2. HP: 10/25 MP: 2/2
   370 | D:1      | Found a shattered altar of Ashenzari.
   671 | D:1      | Reached XP level 3. HP: 30/30 MP: 3/3
  1028 | D:2      | Found an ornate altar of the Wu Jian Council.
  1053 | D:2      | Reached skill level 5 in Polearms
  1069 | D:2      | Reached ** piety under Trog
  1119 | D:2      | Noticed Terence
  1124 | D:2      | Killed Terence
  1124 | D:2      | Reached XP level 4. HP: 38/38 MP: 4/4
  1667 | D:3      | Reached skill level 5 in Fighting
  1676 | D:3      | Found a radiant altar of Vehumet.
  1796 | D:3      | Reached XP level 5. HP: 11/44 MP: 5/5
  1922 | D:3      | Noticed BrendanD's ghost (amateur GrBe)
  1934 | D:3      | Killed BrendanD's ghost
  1934 | D:3      | Reached XP level 6. HP: 22/53 MP: 6/6
  1944 | D:3      | Found a glowing drain.
  1953 | Sewer    | Entered a sewer
  2193 | Sewer    | Noticed Purgy
  2279 | Sewer    | Killed Purgy
  2411 | D:3      | Reached *** piety under Trog
  2434 | D:3      | Found a sparkling altar of Nemelex Xobeh.
  2876 | D:4      | Mangled by an iguana

Vault maps used:
D:1:      sevenhm_arrival_forest_fort_small_6, nicolae_ashenzari_panopticon
D:2:      lemuel_round_altar, first_bread, uniq_terence
D:3:      nemelex_xobeh_ov_fountains_minmay, fiery_altar_vehumet,
          portal_sewer_entry_a
D:4:      gammafunk_temple_overflow_forgotten, uniq_natasha
Sewer:    sewer_co_purgy_island

Skill      XL: |  1  2  3  4  5  6 |
---------------+-------------------+-----
Fighting       | 4 5 6 7 |  7.0
Polearms       | 5 6 7 |  7.2
Armour         | |  1.3
Dodging        | |  2.6

Action                   |  1- 3 |  4- 6 || total
-------------------------+-------+-------++-------
Melee: Spear             |   100 |    92 ||   192
       Trident           |       |    87 ||    87
       Tailslap          |       |     3 ||     3
Invok: Berserk           |     1 |     1 ||     2
  Use: Scroll            |       |     4 ||     4
       Potion            |       |     1 ||     1
 Stab: Sleeping          |     1 |       ||     1
  Eat: Chunk             |     1 |     2 ||     3
       Bread ration      |       |     1 ||     1
Armor: Animal skin       |     3 |       ||     3
       Scale mail        |    12 |    49 ||    61
Dodge: Dodged            |    33 |    73 ||   106
